 Dungeon Crawl Stone Soup version 0.28.0-45-g0d030f2227 (webtiles) character file.

Game seed: 8679069693258895467

40 pkoi the Ducker (level 3, -5/30 HPs)
             Began as a Demigod Gladiator on Apr 11, 2022.
             Slain by Jessica
             ... wielding a +1 dagger of distortion
              (9 damage)
             ... on level 2 of the Dungeon.
             The game lasted 00:01:25 (1954 turns).

pkoi the Ducker (Demigod Gladiator)                 Turns: 1954, Time: 00:01:26

Health: -5/30      AC:  7    Str: 19    XL:     3   Next: 14%
Magic:  5/5        EV: 11    Int: 10    God:
Gold:   96         SH:  0    Dex: 15    Spells: 2/2 levels left

rFire   . . .      SeeInvis .   j - +0 short sword (elec)
rCold   . . .      Faith    .   (no shield)
rNeg    . . .      Spirit   .   d - +0 scale mail
rPois   .          Reflect  .   b - +0 helmet
rElec   .          Harm     .   (no cloak)
rCorr   .          Rampage  .   (no gloves)
Will    .....                   (no boots)
Stlth   ..........              (no amulet)
HPRegen 0.10/turn               (no ring)
MPRegen 0.09/turn               (no ring)

@: no status effects
A: high MP 1, forlorn, divine attributes
a: no special abilities


You were on level 2 of the Dungeon.
You visited 1 branch of the dungeon, and saw 2 of its levels.

You collected 96 gold pieces.

Inventory:

Hand Weapons
 f - a +0 club
 i - a +0 dagger
 j - a +0 short sword of electrocution (weapon)
Missiles
 c - 3 throwing nets (quivered)
Armour
 a - a +0 leather armour
 b - a +0 helmet (worn)
 d - a +0 scale mail (worn)
Scrolls
 e - 2 scrolls of fog
Potions
 g - a potion of attraction


   Skills:
 * Level 2.5 Fighting
 - Level 1.7 Throwing
 * Level 3.2 Dodging
 + Level 3.0 Unarmed Combat


You had 2 spell levels left.
You didn't know any spells.
Your spell library was empty.

Dungeon Overview and Level Annotations

Branches:
Dungeon (2/15)

Annotations:
D:2 Jessica


Innate Abilities, Weirdness & Mutations

You have an increased reservoir of magic. (+10% MP)
You shall have no god before yourself.
Your divine heritage dramatically boosts your attributes as you level up.


Message History

You aren't carrying any items that you can evoke.
As you read the scroll labelled YPOWNICZEITI, it crumbles to dust.
It is a scroll of identify.
g - a potion of attraction
As you read the scroll labelled ICSAEL PYNTAXO, it crumbles to dust.
You assume a fearsome visage.
Jessica looks frightened!
It was a scroll of fear.
Jessica gestures wildly while chanting.
Jessica blinks!
Found a stone staircase leading down.
A rat comes into view.
The rat twitches its whiskers.
Found 14 gold pieces.
There is a stone staircase leading down here.
Jessica completely misses you. The rat completely misses you.
You closely miss the rat.
Jessica hits you with a +1 dagger of distortion.
Space warps around you. The rat bites you but does no damage.
You hit Jessica.
Jessica is moderately wounded.
Jessica closely misses you. The rat bites you but does no damage.
Jessica gestures at you while chanting. You resist with some effort.
You hit Jessica but do no damage.
Jessica is moderately wounded.
The rat bites you but does no damage. Jessica hits you but does no damage.
Space warps horribly around you!!
Ouch! That really hurt!
* * * LOW HITPOINT WARNING * * *
You hit Jessica.
Jessica is severely wounded.
The rat barely misses you.
Jessica mumbles some strange words.
Jessica seems to speed up.
You hit Jessica but do no damage.
Jessica is severely wounded.
Jessica hits you with a +1 dagger of distortion.
* * * LOW HITPOINT WARNING * * *
Space warps horribly around you!
You die...

........
######## # # #
#.
##############
###.##
#...........##
#..$..
#.#########...
#....@####.#
####
#....r@>...# #
#.....######
#..... ######


You could see Jessica (fast) and a rat.

Vanquished Creatures
  An adder (D:1)
  A worm (D:1)
  3 ball pythons
  3 bats (D:1)
  2 endoplasms (D:1)
  4 giant cockroaches (D:1)
  3 hobgoblins (D:1)
  A quokka (D:1)
  3 frilled lizards (D:1)
  3 kobolds (D:1)
  4 rats
28 creatures vanquished.

Notes
Turn   | Place    | Note
-------+----------+-------------------------------------------
     0 | D:1      | pkoi the Demigod Gladiator began the quest for the Orb.
     0 | D:1      | Reached XP level 1. HP: 17/17 MP: 3/3
   602 | D:1      | Reached XP level 2. HP: 24/24 MP: 4/4
  1460 | D:1      | Reached XP level 3. HP: 14/30 MP: 5/5
  1899 | D:2      | Noticed Jessica
  1954 | D:2      | Slain by Jessica

Illustrated notes

Levels and vault maps discovered:
D:1:      minmay_arrival_widening_spiral_narrow, layout_basic, serial_glass,
          glass_columns_a, glass_columns_a
D:2:      layout_loops_ring, minmay_liquid_box, chequers_avenue, uniq_jessica

Skill      XL: |  1  2 |
---------------+-------+-----
Fighting       | 2 |  2.5
Dodging        | 3 |  3.2
Unarmed Combat | 3 |  3.0
Throwing       | |  1.7

Action                   || total
-------------------------++-------
Melee: Unarmed           ||    59
       Punch             ||     1
       Short sword       ||    47
  Use: Scroll            ||     3
Armor: Scale mail        ||    62
Dodge: Dodged            ||    71
